PA
SOUTH BEACH BLAZE @ HOGSMEADE CAULDRONS
06/09/2029
 
TOP OF THE 1ST
South Beach Blaze batting - Pitching for Hogsmeade Cauldrons : RHP Stefan Famintsyn
Pitching: RHP Stefan Famintsyn
Batting: RHB Giobbe Bastedo 0-0: Ball
1-0: Swinging Strike
1-1: Called Strike
1-2: Strikes out swinging
Batting: RHB Harlan Peppers 0-0: Called Strike
0-1: Foul Ball, location: 2F
0-2: SINGLE (Flyball, 8LS)
Batting: LHB Marcel Escoda 0-0: Called Strike
0-1: Ball
1-1: Ball
2-1: SINGLE (Line Drive, 7LM)
Harlan Peppers to second
Batting: LHB Sepulveda Zambrano 0-0: Ball
1-0: Ball
2-0: Fielders Choice at 2nd, 3-6 (Groundball, 3)
Harlan Peppers to third
Batting: LHB Raymond Graham 0-0: Ball
1-0: SINGLE (Groundball, 6MD)
Harlan Peppers scores
Sepulveda Zambrano to second
Runner from 2nd tries for 3rd, SAFE, no throw
Batting: SHB Serious Lee 0-0: Ball
1-0: Foul Ball, location: 2F
1-1: Called Strike
1-2: Foul Ball, location: 2F
1-2: Ball
2-2: Strikes out swinging
Top of the 1st over - 1 run, 3 hits, 0 errors, 2 left on base; South Beach 1 - Hogsmeade 0
BOTTOM OF THE 1ST
Hogsmeade Cauldrons batting - Pitching for South Beach Blaze : RHP José Sauls
Pitching: RHP José Sauls
Batting: RHB César Ramos 0-0: Fly out, F4 (Line Drive, 4)
Batting: RHB Panas Pletnev 0-0: Called Strike
0-1: Fly out, F9 (Flyball, 9)
Batting: RHB Damon Newbold 0-0: Foul Ball, location: 2F
0-1: Called Strike
0-2: Fly out, F7 (Flyball, 7LS)
Bottom of the 1st over - 0 runs, 0 hits, 0 errors, 0 left on base; South Beach 1 - Hogsmeade 0
TOP OF THE 2ND
South Beach Blaze batting - Pitching for Hogsmeade Cauldrons : RHP Stefan Famintsyn
Batting: RHB Daniel Bertrand 0-0: Swinging Strike
0-1: Ball
1-1: Ball
2-1: Ball
3-1: Base on Balls
Batting: RHB Greg Schiff 0-0: Foul Ball, location: 2F
0-1: Ball
1-1: Ground out 6-3 (Groundball, 6S)
Daniel Bertrand to second
Batting: RHB Ed Bowers 0-0: Ball
1-0: Ball
2-0: Ball
3-0: Called Strike
3-1: Foul Ball, location: 2F
3-2: Fly out, F8 (Flyball, 8RD)
Batting: RHB Giobbe Bastedo 0-0: Ball
Wild Pitch!
Daniel Bertrand to third
1-0: Called Strike
1-1: Ball
2-1: Fly out, F9 (Flyball, 9S)
Top of the 2nd over - 0 runs, 0 hits, 0 errors, 1 left on base; South Beach 1 - Hogsmeade 0
BOTTOM OF THE 2ND
Hogsmeade Cauldrons batting - Pitching for South Beach Blaze : RHP José Sauls
Batting: RHB Mariano Saelices 0-0: Ball
1-0: Ball
2-0: Called Strike
2-1: Called Strike
2-2: Ball
3-2: Strikes out swinging
Batting: RHB Luis Manuel Flores 0-0: Swinging Strike
0-1: Foul Ball, location: 2F
0-2: Fly out, F8 (Flyball, 8LS)
Batting: RHB Bob Petiet 0-0: Ball
1-0: SINGLE (Line Drive, 4M)
Pitching: RHP Victor Lustig
Batting: RHB Akke Derksen 0-0: Called Strike
0-1: Foul Ball, location: 2F
0-2: Ball
1-2: Reached on error, E5 (Groundball, 5S)
Bob Petiet to second
Batting: RHB Javier López 0-0: Ball
1-0: Ball
2-0: Ball
3-0: Base on Balls
Bob Petiet to third
Akke Derksen to second
Batting: RHB Octávio Pineda 0-0: Swinging Strike
0-1: Foul Ball, location: 2F
0-2: Ball
1-2: Strikes out swinging
Bottom of the 2nd over - 0 runs, 1 hit, 1 error, 3 left on base; South Beach 1 - Hogsmeade 0
TOP OF THE 3RD
South Beach Blaze batting - Pitching for Hogsmeade Cauldrons : RHP Stefan Famintsyn
Batting: RHB Harlan Peppers 0-0: Called Strike
0-1: Hit by Pitch
Batting: LHB Marcel Escoda 0-0: Called Strike
0-1: Swinging Strike
0-2: SINGLE (Line Drive, 56D)
Harlan Peppers to second
Batting: LHB Sepulveda Zambrano 0-0: Ball
1-0: Ball
2-0: Ball
3-0: Called Strike
3-1: DOUBLE (Flyball, 8RXD)
Harlan Peppers scores
Marcel Escoda to third
Runner from 3rd tries for Home, SAFE, no throw
Batting: LHB Raymond Graham 0-0: SINGLE (Groundball, 34D)
Sepulveda Zambrano to third
Batting: SHB Serious Lee 0-0: Called Strike
0-1: Foul Ball, location: 2F
0-2: Ball
1-2: Foul Ball, location: 2F
1-2: Ball
2-2: Fly out, F4 (Popup, 4)
Batting: RHB Daniel Bertrand 0-0: Ball
1-0: Fly out, F8 (Flyball, 8RM)
Runner from 3rd tags up, SCORES, throw made
Batting: RHB Greg Schiff 0-0: Ball
1-0: Ball
2-0: Fielders Choice at 2nd, 6-4 (Groundball, 6MD)
Top of the 3rd over - 3 runs, 3 hits, 0 errors, 1 left on base; South Beach 4 - Hogsmeade 0
BOTTOM OF THE 3RD
Hogsmeade Cauldrons batting - Pitching for South Beach Blaze : RHP Victor Lustig
Batting: RHB César Ramos 0-0: Called Strike
0-1: Swinging Strike
0-2: Ball
1-2: Strikes out swinging
Batting: RHB Panas Pletnev 0-0: Called Strike
0-1: Ball
1-1: Foul Ball, location: 2F
1-2: Reached on error, E6 (Groundball, 6)
Batting: RHB Damon Newbold 0-0: Ball
1-0: Reached on error, E6 (Groundball, 6)
Panas Pletnev scores
Batting: RHB Mariano Saelices 0-0: Called Strike
0-1: Foul Ball, location: 2F
0-2: Ball
1-2: Strikes out swinging, 2-3 out at first.
Batting: RHB Luis Manuel Flores 0-0: Foul Ball, location: 2F
0-1: Ball
1-1: Swinging Strike
1-2: Ball
2-2: Strikes out looking
Bottom of the 3rd over - 1 run, 0 hits, 2 errors, 1 left on base; South Beach 4 - Hogsmeade 1
TOP OF THE 4TH
South Beach Blaze batting - Pitching for Hogsmeade Cauldrons : RHP Stefan Famintsyn
Batting: RHB Ed Bowers 0-0: Foul Ball, location: 2F
0-1: Ball
1-1: Called Strike
1-2: Strikes out swinging
Batting: RHB Giobbe Bastedo 0-0: SINGLE (Line Drive, 7)
Batting: RHB Harlan Peppers 0-0: Ball
1-0: Ball
2-0: Foul Ball, location: 2F
2-1: Swinging Strike
2-2: Strikes out swinging
Batting: LHB Marcel Escoda 0-0: Ball
1-0: Called Strike
Giobbe Bastedo steals 2nd base
1-1: Swinging Strike
1-2: Strikes out looking
Top of the 4th over - 0 runs, 1 hit, 0 errors, 1 left on base; South Beach 4 - Hogsmeade 1
BOTTOM OF THE 4TH
Hogsmeade Cauldrons batting - Pitching for South Beach Blaze : RHP Victor Lustig
Batting: RHB Bob Petiet 0-0: Swinging Strike
0-1: Ball
1-1: Ground out 5-3 (Groundball, 5)
Batting: RHB Akke Derksen 0-0: Foul Ball, location: 2F
0-1: Ball
1-1: Ball
2-1: Foul Ball, location: 2F
2-2: Ball
3-2: Foul Ball, location: 2F
3-2: Strikes out swinging
Batting: RHB Javier López 0-0: SINGLE (Flyball, 8LS)
Batting: RHB Octávio Pineda 0-0: Ball
Throwing error on steal attempt, E2
Javier López to third
1-0: Called Strike
1-1: Foul Ball, location: 2F
1-2: Ball
2-2: Fly out, F4 (Flyball, 4MD)
Bottom of the 4th over - 0 runs, 1 hit, 1 error, 1 left on base; South Beach 4 - Hogsmeade 1
TOP OF THE 5TH
South Beach Blaze batting - Pitching for Hogsmeade Cauldrons : RHP Stefan Famintsyn
Batting: LHB Sepulveda Zambrano 0-0: DOUBLE (Flyball, 78D)
Batting: LHB Raymond Graham 0-0: Called Strike
0-1: Ball
1-1: Ball
2-1: Fly out, F9 (Flyball, 9D)
Batting: SHB Serious Lee 0-0: Called Strike
0-1: Ball
1-1: SINGLE (Line Drive, 78S)
Sepulveda Zambrano to third
Runner from 3rd tries for Home, SAFE, no throw
Batting: RHB Daniel Bertrand 0-0: Foul Ball, location: 2F
0-1: Called Strike
0-2: Strikes out swinging
Batting: RHB Greg Schiff 0-0: Called Strike
0-1: Ball
Serious Lee steals 2nd base
1-1: Called Strike
1-2: Ball
2-2: Ball
3-2: Strikes out swinging
Top of the 5th over - 1 run, 2 hits, 0 errors, 1 left on base; South Beach 5 - Hogsmeade 1
BOTTOM OF THE 5TH
Hogsmeade Cauldrons batting - Pitching for South Beach Blaze : RHP Victor Lustig
Batting: RHB César Ramos 0-0: Swinging Strike
0-1: Swinging Strike
0-2: Ball
1-2: Strikes out looking
Batting: RHB Panas Pletnev 0-0: Swinging Strike
0-1: Called Strike
0-2: Ball
1-2: Strikes out swinging
Batting: RHB Damon Newbold 0-0: Called Strike
0-1: Ball
1-1: Swinging Strike
1-2: Ball
2-2: Foul Ball, location: 2F
2-2: Ground out 5-3 (Groundball, 56)
Bottom of the 5th over - 0 runs, 0 hits, 0 errors, 0 left on base; South Beach 5 - Hogsmeade 1
TOP OF THE 6TH
South Beach Blaze batting - Pitching for Hogsmeade Cauldrons : RHP Stefan Famintsyn
Batting: RHB Ed Bowers 0-0: Ball
1-0: Foul Ball, location: 2F
1-1: Ball
2-1: Called Strike
2-2: Foul Ball, location: 2F
2-2: Ball
3-2: Foul Ball, location: 2F
3-2: Foul Ball, location: 2F
3-2: Strikes out swinging
Batting: RHB Giobbe Bastedo 0-0: Foul Ball, location: 2F
0-1: Ball
1-1: Ball
2-1: Ball
3-1: Called Strike
3-2: Foul Ball, location: 2F
3-2: Strikes out swinging
Batting: RHB Harlan Peppers 0-0: Ball
1-0: Ball
2-0: SINGLE (Flyball, 7LS)
Pitching: RHP Gary Jordan
Batting: LHB Marcel Escoda 0-0: Called Strike
0-1: Ground out 4-3 (Groundball, 4)
Top of the 6th over - 0 runs, 1 hit, 0 errors, 1 left on base; South Beach 5 - Hogsmeade 1
BOTTOM OF THE 6TH
Hogsmeade Cauldrons batting - Pitching for South Beach Blaze : RHP Victor Lustig
Batting: RHB Mariano Saelices 0-0: Ball
1-0: DOUBLE (Flyball, 8LD)
Batting: RHB Luis Manuel Flores 0-0: Ball
1-0: Ball
2-0: Called Strike
2-1: Swinging Strike
2-2: Strikes out swinging
Batting: RHB Bob Petiet 0-0: Fly out, F8 (Flyball, 8LS)
Batting: RHB Akke Derksen 0-0: Fly out, F9 (Flyball, 9LSF)
Bottom of the 6th over - 0 runs, 1 hit, 0 errors, 1 left on base; South Beach 5 - Hogsmeade 1
TOP OF THE 7TH
South Beach Blaze batting - Pitching for Hogsmeade Cauldrons : RHP Gary Jordan
Batting: LHB Sepulveda Zambrano 0-0: Ball
1-0: DOUBLE (Flyball, 89D)
Batting: LHB Raymond Graham 0-0: Intentional Walk
Batting: SHB Serious Lee 0-0: Ball
1-0: Swinging Strike
1-1: Ball
2-1: Called Strike
2-2: Foul Ball, location: 2F
2-2: Foul Ball, location: 2F
2-2: Strikes out looking
Batting: RHB Daniel Bertrand 0-0: Ball
1-0: Fly out, F8 (Flyball, 8RS)
Batting: RHB Greg Schiff 0-0: Ball
Passed Ball!
Sepulveda Zambrano to third
Raymond Graham to second
1-0: Called Strike
1-1: Fly out, F8 (Line Drive, 8LM)
Top of the 7th over - 0 runs, 1 hit, 0 errors, 2 left on base; South Beach 5 - Hogsmeade 1
BOTTOM OF THE 7TH
Hogsmeade Cauldrons batting - Pitching for South Beach Blaze : RHP Victor Lustig
Batting: RHB Javier López 0-0: Swinging Strike
0-1: Foul Ball, location: 2F
0-2: Ball
1-2: Ball
2-2: Ball
3-2: Foul Ball, location: 2F
3-2: Base on Balls
Batting: RHB Octávio Pineda 0-0: Called Strike
0-1: Ball
1-1: Foul Ball, location: 2F
1-2: Ball
2-2: Strikes out looking
Batting: RHB César Ramos 0-0: Called Strike
0-1: Ball
1-1: Ball
2-1: Called Strike
2-2: Ball
3-2: SINGLE (Line Drive, 4MD)
Javier López to second
Batting: RHB Panas Pletnev 0-0: Called Strike
0-1: Ball
1-1: Ball
2-1: Foul Ball, location: 2F
2-2: Fly out, F8 (Flyball, 8RM)
Batting: RHB Damon Newbold 0-0: Foul Ball, location: 2F
0-1: Ball
1-1: Ball
2-1: Foul Ball, location: 2F
2-2: Strikes out swinging
Bottom of the 7th over - 0 runs, 1 hit, 0 errors, 2 left on base; South Beach 5 - Hogsmeade 1
TOP OF THE 8TH
South Beach Blaze batting - Pitching for Hogsmeade Cauldrons : RHP Gary Jordan
Batting: RHB Ed Bowers 0-0: Fly out, F4 (Flyball, 34D)
Batting: RHB Giobbe Bastedo 0-0: SINGLE (Line Drive, 8LS)
Batting: RHB Harlan Peppers 0-0: Called Strike
Giobbe Bastedo steals 2nd base
0-1: Foul Ball, location: 2F
0-2: SINGLE (Groundball, 6D)
Giobbe Bastedo to third
Runner from 3rd tries for Home, SAFE, no throw
Batting: LHB Marcel Escoda 0-0: Foul Ball, location: 2F
0-1: Ball
1-1: Foul Ball, location: 2F
1-2: Ball
2-2: Strikes out swinging
Batting: LHB Sepulveda Zambrano 0-0: Ball
1-0: Swinging Strike
1-1: Ground out 4-3 (Groundball, 4)
Top of the 8th over - 1 run, 2 hits, 0 errors, 1 left on base; South Beach 6 - Hogsmeade 1
BOTTOM OF THE 8TH
Hogsmeade Cauldrons batting - Pitching for South Beach Blaze : RHP Victor Lustig
Batting: RHB Mariano Saelices 0-0: Called Strike
0-1: Called Strike
0-2: Ball
1-2: Strikes out swinging
Batting: RHB Luis Manuel Flores 0-0: Ball
1-0: Foul Ball, location: 2F
1-1: Ball
2-1: SINGLE (Line Drive, 78S)
Batting: RHB Bob Petiet 0-0: Called Strike
0-1: Ball
1-1: Ball
2-1: Foul Ball, location: 2F
2-2: Foul Ball, location: 2F
2-2: Ball
3-2: Fly out, F7 (Flyball, 7LS)
Batting: RHB Akke Derksen 0-0: Fly out, F3 (Popup, 34)
Bottom of the 8th over - 0 runs, 1 hit, 0 errors, 1 left on base; South Beach 6 - Hogsmeade 1
TOP OF THE 9TH
South Beach Blaze batting - Pitching for Hogsmeade Cauldrons : RHP Gary Jordan
Batting: LHB Raymond Graham 0-0: Ball
1-0: Fly out, F9 (Flyball, 9)
Batting: SHB Serious Lee 0-0: Ground out 1-3 (Groundball, 13S)
Batting: RHB Daniel Bertrand 0-0: Ball
1-0: Fly out, F8 (Flyball, 78M)
Top of the 9th over - 0 runs, 0 hits, 0 errors, 0 left on base; South Beach 6 - Hogsmeade 1
BOTTOM OF THE 9TH
Hogsmeade Cauldrons batting - Pitching for South Beach Blaze : RHP Victor Lustig
Batting: RHB Javier López 0-0: Foul Ball, location: 2F
0-1: Ball
1-1: Foul Ball, location: 2F
1-2: Fly out, F6 (Flyball, 6MD)
Batting: RHB Octávio Pineda 0-0: Called Strike
0-1: Foul Ball, location: 2F
0-2: Strikes out swinging
Batting: RHB César Ramos 0-0: Foul Ball, location: 2F
0-1: Ball
1-1: Swinging Strike
1-2: Strikes out swinging
Bottom of the 9th over - 0 runs, 0 hits, 0 errors, 0 left on base; South Beach 6 - Hogsmeade 1
Tuesday, December 19th, 2017 - OOTP Baseball 18.8 Build 76